 Dungeon Crawl Stone Soup version 0.31.0-11-ge490571c62 (webtiles) character file.

Game seed: 11242932254804444191

20 qw the Shooter (level 2, -3/16 HPs)
             Began as a Deep Elf Hunter on Feb 3, 2024.
             Slain by a gnoll
             ... wielding a +2 spear of freezing
              (5 damage)
             ... on level 2 of the Dungeon.
             The game lasted 00:00:02 (592 turns).

qw the Shooter (Deep Elf Hunter)                     Turns: 592, Time: 00:00:02

Health: -3/16      AC:  5    Str:  8    XL:     2   Next: 58%
Magic:  4/4        EV: 10    Int: 13    God:
Gold:   42         SH:  0    Dex: 18    Spells: 1/1 levels left

rFire   . . .        a - +0 shortbow
rCold   . . .        (shield currently unavailable)
rNeg    . . .        g - +0 ring mail
rPois   .            (no helmet)
rElec   .            (no cloak)
rCorr   .            (no gloves)
SInv    .            (no boots)
Will    .....        (no amulet)
Stlth   +            (no ring)
HPRegen 0.22/turn    (no ring)
MPRegen 0.09/turn

%: no passive effects
@: no status effects
A: no striking features
a: no special abilities


You were on level 2 of the Dungeon.
You visited 1 branch of the dungeon, and saw 2 of its levels.

You collected 42 gold pieces.


   Skills:
 - Level 1.5 Fighting
 + Level 6.3 Ranged Weapons
 - Level 2.4 Dodging
 - Level 1.2 Stealth


You had one spell level left.
You didn't know any spells.
Your spell library was empty.

Inventory:

Hand Weapons
 a - a +0 shortbow (weapon)
Armour
 g - a +0 ring mail (worn)
Potions
 i - a potion of degeneration {unknown}

Dungeon Overview and Level Annotations

Branches:
Dungeon (2/15)

Altars:


Message History

You see here a ball python corpse. 2 gnolls come into view.
The gnoll shouts! x2; You hear a shout!
You hear a loud squeak.
A gnoll comes into view. It is wielding a +2 spear of freezing.
580 ||| RETREEEEATING.
581 ||| RETREEEEATING.
582 ||| RETREEEEATING.
A rat comes into view.
583 ||| RETREEEEATING.
584 ||| RETREEEEATING.
You shoot an arrow.
The arrow hits the gnoll but does no damage.
The gnoll hits you from afar with a +0 spear.
You shoot an arrow. The arrow closely misses the gnoll.
The arrow barely misses the gnoll.
The gnoll hits you from afar with a +0 spear.
You shoot an arrow. The arrow closely misses the gnoll.
The gnoll hits you from afar with a +2 spear of freezing.
The gnoll freezes you.
The gnoll hits you from afar with a +2 spear of freezing.
The gnoll freezes you.
588 ||| RETREEEEATING.
Found a club.
The gnoll attacks as it pursues you! The gnoll misses you.
You shoot an arrow. The arrow hits the gnoll.
The gnoll is moderately wounded.
The gnoll hits you from afar with a +2 spear of freezing.
The gnoll freezes you. The gnoll hits you with a +0 whip.
You shoot an arrow. The arrow barely misses the gnoll.
The arrow hits the gnoll.
The gnoll is heavily wounded.
The gnoll barely misses you.
A quokka comes into view.
The gnoll hits you but does no damage.
You shoot an arrow. The arrow hits the gnoll!
The gnoll is severely wounded.
The gnoll closely misses you. The gnoll hits you but does no damage.
You shoot an arrow. The arrow hits the gnoll.
The gnoll is almost dead.
The gnoll completely misses you. The gnoll hits you with a +0 whip.
The gnoll hits you from afar with a +2 spear of freezing.
You die...

# #.## #.
... #. ... #
..#...#
.#r#) #.....
#..#.#
#..#@# #
#..#g# .#
#..#g####...
#..#rg...r..
#..#........
#<.#........
#.##........
#..%.#######
#..###


You could see 3 gnolls, a quokka and a rat.

Vanquished Creatures
  A gnoll (D:1)
  3 ball pythons
  An endoplasm (D:1)
  A goblin (D:1)
  A quokka (D:2)
  2 bats (D:1)
  A kobold (D:1)
  A rat (D:1)
11 creatures vanquished.

Notes
Turn   | Place    | Note
-------+----------+-------------------------------------------
     0 | D:1      | qw the Deep Elf Hunter began the quest for the Orb.
     0 | D:1      | Reached XP level 1. HP: 12/12 MP: 3/3
     0 | D:1      | 0 ||| qw: Version: 0.3-a-157-g843a77d
     0 | D:1      | 0 ||| qw: Game counter: 4027
     0 | D:1      | 0 ||| qw: Melee chars always use a shield: true
     0 | D:1      | 0 ||| qw: God list: Okawaru
     0 | D:1      | 0 ||| qw: Allow faded altars: false
     0 | D:1      | 0 ||| qw: Do Orc after clearing Dungeon:15 true
     0 | D:1      | 0 ||| qw: Do second Lair branch before Depths: true
     0 | D:1      | 0 ||| qw: Lair rune preference: random
     0 | D:1      | 0 ||| qw: Goals: Normal
     0 | D:1      | 0 ||| PLANNING D:1-11
   169 | D:1      | Reached skill level 6 in Ranged Weapons
   169 | D:1      | Reached XP level 2. HP: 16/16 MP: 4/4
   536 | D:1      | 536 ||| UPGRADING to +0 ring mail.
   546 | D:1      | 546 ||| DROPPING +0 leather armour.
   547 | D:1      | 547 ||| READING scroll labelled TUNWAU WAIN.
   548 | D:1      | 548 ||| READING scroll labelled SUIWNE BEUDUODGH.
   548 | D:1      | 548 ||| IDENTIFYING purple potion
   549 | D:1      | 549 ||| READING 3 scrolls labelled ARAZAX QO SEV.
   550 | D:1      | 550 ||| READING scroll labelled BAOSOZ FAITIG.
   551 | D:1      | 551 ||| READING scroll labelled YFFIFU WIMAER.
   554 | D:1      | 554 ||| DROPPING scroll of butterflies.
   555 | D:1      | 555 ||| DROPPING potion of attraction.
   556 | D:1      | 556 ||| DROPPING 2 scrolls of blinking.
   580 | D:2      | 580 ||| RETREEEEATING.
   581 | D:2      | 581 ||| RETREEEEATING.
   582 | D:2      | 582 ||| RETREEEEATING.
   583 | D:2      | 583 ||| RETREEEEATING.
   584 | D:2      | 584 ||| RETREEEEATING.
   588 | D:2      | 588 ||| RETREEEEATING.
   589 | D:2      | HP: 4/16 [gnoll/+2 spear of freezing (1)]
   592 | D:2      | Slain by a gnoll

Levels and vault maps discovered:
D:1:      lightli_arrival_maybe_door_vault, layout_basic, serial_curves,
          eino_curves_02, eino_curves_02
D:2:      layout_basic, hangedman_decor_diamond_cutter

Skill      XL: |  1 |
---------------+----+-----
Ranged Weapons | 6 |  6.3
Fighting       | |  1.5
Dodging        | |  2.4
Stealth        | |  1.2

Action                     || total
---------------------------++-------
   Fire: Shortbow          ||    31
    Use: Scroll            ||     5
 Armour: Ring mail         ||    12
  Dodge: Dodged            ||     7

Table legend:
 A = Non-vault XP
 B = Vault XP
 C = Vault XP percentage of total XP
 D = Non-vault monster count
 E = Vault monster count
 F = Vault count percentage of total count
                 A         B        C        D         E       F
            +---------+---------+-------+---------+---------+-------
      Total |      29 |       0 |   0.0 |      11 |       0 |   0.0
            +---------+---------+-------+---------+---------+-------
        D:1 |      26 |       0 |   0.0 |       9 |       0 |   0.0
        D:2 |       3 |       0 |   0.0 |       2 |       0 |   0.0
            +---------+---------+-------+---------+---------+-------
